 Dungeon Crawl Stone Soup version 0.31.0-1-g2c135a0 (webtiles) character file.

Game seed: 6351649532034398415

21 OliveOil123 the Covered (level 2, 0/23 HPs)
             Began as a Gnoll Wanderer on Mar 3, 2024.
             Slain by a ribbon worm (3 damage)
             ... on level 2 of the Dungeon.
             The game lasted 00:18:31 (1703 turns).

OliveOil123 the Covered (Gnoll Wanderer)            Turns: 1703, Time: 00:18:31

Health: 0/23       AC:  7    Str: 10    XL:     2   Next: 87%
Magic:  3/7        EV: 10    Int: 11    God:
Gold:   78         SH:  0    Dex: 12    Spells: 8/10 levels left

rFire   . . .        a - +0 sling
rCold   . . .        (no shield)
rNeg    . . .        g - +0 ring mail
rPois   .            (no helmet)
rElec   .            (no cloak)
rCorr   .            (no gloves)
SInv    .            b - +0 pair of boots
Will    .....        (no amulet)
Stlth   +            (no ring)
HPRegen 0.23/turn    (no ring)
MPRegen 0.10/turn

%: no passive effects
@: no status effects
A: fangs 1, strong nose, distributed training
a: no special abilities


You were on level 2 of the Dungeon.
You visited 1 branch of the dungeon, and saw 2 of its levels.

You collected 78 gold pieces.

Inventory:

Hand Weapons
 a - a +0 sling (weapon)
 f - a +0 dagger
Missiles
 e - 6 poisoned darts
Armour
 b - a +0 pair of boots (worn)
 d - a +0 robe
 g - a +0 ring mail (worn)
Magical Staves
 m - a staff of earth
Scrolls
 c - a scroll of blinking
 h - a scroll of identify {unknown}
 i - a scroll of enchant armour {unknown}
 j - a scroll of poison
 k - a scroll of vulnerability {unknown}
 l - a scroll of torment {unknown}


   Skills:
 + Level 2.5 Fighting
 + Level 0.5 Short Blades
 + Level 0.5 Long Blades
 + Level 0.5 Axes
 + Level 0.5 Maces & Flails
 + Level 0.5 Polearms
 + Level 0.5 Staves
 + Level 2.5 Ranged Weapons
 + Level 0.5 Throwing
 + Level 6.5 Armour
 + Level 2.5 Dodging
 + Level 2.3 Stealth
 + Level 0.5 Shields
 + Level 0.5 Unarmed Combat
 + Level 4.9 Spellcasting
 + Level 0.4 Conjurations
 + Level 0.4 Hexes
 + Level 0.4 Summonings
 + Level 0.4 Necromancy
 + Level 0.4 Translocations
 + Level 0.4 Fire Magic
 + Level 0.4 Ice Magic
 + Level 0.4 Air Magic
 + Level 0.4 Earth Magic
 + Level 0.4 Alchemy
 + Level 0.7 Invocations
 + Level 0.5 Evocations
 + Level 0.5 Shapeshifting


You had 8 spell levels left.
You knew the following spells:

 Your Spells              Type           Power      Damage    Failure   Level
a - Foxfire               Conj/Fire      12%        2x1d4     38%         1
b - Necrotise             Necr           12%        1d4       38%         1

Your spell library contained the following spells:

 Spells                   Type           Power      Damage    Failure   Level
 Slow                     Hex            12%        N/A       38%         1
 Ozocubu's Armour         Ice            3%         N/A       77%         3
 Tukima's Dance           Hex            3%         N/A       77%         3
 Metabolic Englaciation   Hex/Ice        1%         N/A       100%        5
 Sculpt Simulacrum        Ice/Alch       1%         N/A       100%        6


Dungeon Overview and Level Annotations

Branches:
Dungeon (2/15)

Altars:


Innate Abilities, Weirdness & Mutations

You have very sharp teeth.
Your uncanny sense of smell can sniff out nearby items.
Your experience applies equally to all skills.


Message History

The ribbon worm expels a string of sticky webbing.
The stream of webbing hits you but does no damage.
You are caught in a web!
You cannot shoot with your sling while caught in a web.
The web tears apart.
The ribbon worm attacks as it pursues you!
The ribbon worm bites you.
Fire: a) +0 sling
Press: ? - help, Shift-Dir - straight line, f/p - ribbon worm
Aim: a ribbon worm (heavily wounded, catching its breath, 76% to hit)
You shoot a sling bullet. The sling bullet hits the ribbon worm.
The ribbon worm is severely wounded.
The ribbon worm bites you.
Fire: a) +0 sling
Press: ? - help, Shift-Dir - straight line, f/p - ribbon worm
Aim: a ribbon worm (severely wounded, catching its breath, 76% to hit)
You shoot a sling bullet.
The sling bullet hits the ribbon worm but does no damage.
The ribbon worm is severely wounded.
The ribbon worm closely misses you. The ribbon worm bites you.
You shoot a sling bullet. The sling bullet hits the ribbon worm.
The ribbon worm is severely wounded.
The ribbon worm expels a string of sticky webbing.
The stream of webbing hits you but does no damage.
You are caught in a web!
The web tears apart.
You shoot a sling bullet.
The sling bullet hits the ribbon worm but does no damage.
The ribbon worm is severely wounded.
The ribbon worm bites you.
* * * LOW HITPOINT WARNING * * *
The ribbon worm bites you.
* * * LOW HITPOINT WARNING * * *
Blink to where?
Press: ? - help, Dir - move target, p - ribbon worm
Okay, then.
You shoot a sling bullet. The sling bullet hits the ribbon worm.
The ribbon worm is almost dead.
The ribbon worm bites you.
You die...

##.....######.
##......#...!.. .
#.......#.#
..###.......#......
...#.......# ####.
#..#<....##
##........# #.
#........# .
...#...@....##.##.
#....#..w..........
..##........##.##..
#.......## .=
#...>#.........#...
#..##....#.##... ..
#........#...∆... .
.....#..##.### .#
##.##..##.# #


You could see a ribbon worm (catching breath).

Vanquished Creatures
  4 endoplasms (D:1)
  2 giant cockroaches (D:1)
  3 goblins (D:1)
  A hobgoblin (D:1)
  A kobold (D:1)
  4 ball pythons (D:1)
  3 bats (D:1)
  A rat (D:1)
19 creatures vanquished.

Vanquished Creatures (others)
  A foxfire (D:1)
1 creature vanquished.

Grand Total: 20 creatures vanquished

Notes
Turn   | Place    | Note
-------+----------+-------------------------------------------
     0 | D:1      | OliveOil123 the Gnoll Wanderer began the quest for the Orb.
     0 | D:1      | OliveOil123 set off with the following items: a +0 sling, a
                  | +0 pair of boots, a scroll of blinking, a +0 robe; and the
                  | following spells available to memorise: Foxfire, Necrotise,
                  | Slow, Tukima's Dance.
     0 | D:1      | Reached XP level 1. HP: 17/17 MP: 6/6
    61 | D:1      | Found a faded altar of an unknown god.
   454 | D:1      | Reached XP level 2. HP: 23/23 MP: 7/7
  1438 | D:1      | Learned a level 1 spell: Foxfire
  1440 | D:1      | Learned a level 1 spell: Necrotise
  1703 | D:2      | Slain by a ribbon worm

Illustrated notes

Levels and vault maps discovered:
D:1:      sevenhm_arrival_forest_fort_large_2, layout_basic,
          ebering_ecumenical_altar_petrified
D:2:      layout_rooms, serial_co_window_serial, co_window_of_opportunity_a,
          co_window_paths_a, co_window_corner_a, co_window_corner_a,
          co_window_paths_b, co_window_broadway_a, co_window_of_opportunity_c,
          co_window_unsneaky_path_a, co_window_broadway_c, co_window_broadway_a,
          co_window_4corner_a, co_window_4corner_b, glass_columns_a

Action                     || total
---------------------------++-------
   Fire: Sling             ||    66
   Cast: Necrotise         ||     5
         Foxfire           ||     1
    Use: Scroll            ||     2
         Potion            ||     1
 Armour: Ring mail         ||    23
         Robe              ||     1
  Dodge: Dodged            ||    21
